 Dungeon Crawl Stone Soup version 0.19-a0-1022-g07f772b (webtiles) character file.

180 Anaetherus the Chopper (level 5, -11/46 HPs)
             Began as a Minotaur Fighter on July 28, 2016.
             Mangled by an ogre
             ... wielding a +0 giant club
              (17 damage)
             ... on level 4 of the Dungeon.
             The game lasted 00:07:34 (2092 turns).

Anaetherus the Chopper (Minotaur Fighter)           Turns: 2092, Time: 00:07:35

Health: -11/46     AC:  9    Str: 27    XL:     5   Next: 33%
Magic:  4/4        EV:  7    Int:  5    God:
Gold:   111        SH: 10    Dex:  9    Spells: 0 memorised, 4 levels left

rFire  . . .     SeeInvis .     a - +0 war axe
rCold  . . .     Gourm    .     b - +0 scale mail
rNeg   . . .     Faith    .     c - +0 shield
rPois  .         Spirit   .     (helmet restricted)
rElec  .         Dismiss  .     e - +0 cloak
rCorr  .         Reflect  .     (no gloves)
SustAt .         Harm     .     l - +0 pair of boots
MR     .....                    (no amulet)
Stlth  ..........               (no ring)
                                (no ring)

@: mighty, not resistant to hostile enchantments, extremely unstealthy
A: retaliatory headbutt, horns 2
a: no special abilities


You were on level 4 of the Dungeon.
You were not hungry.

You visited 1 branch of the dungeon, and saw 4 of its levels.

You collected 111 gold pieces.

Inventory:

Hand Weapons
 a - a +0 war axe (weapon)
Armour
 b - a +0 scale mail (worn)
 c - a +0 shield (worn)
 e - a +0 cloak (worn)
 l - a +0 pair of boots (worn)
Jewellery
 s - a cursed ring of teleportation {unknown}
 x - an uncursed ring of ice {unknown}
Scrolls
 h - 3 scrolls of amnesia {unknown}
 m - a scroll of random uselessness {unknown}
 n - a scroll of fear {unknown}
 p - a scroll of enchant armour {unknown}
 q - 4 scrolls of enchant weapon {unknown}
 u - a scroll of noise {unknown}
 y - a scroll of magic mapping {unknown}
 z - a scroll of fog {unknown}
Potions
 d - a potion of might
 g - a potion of ambrosia {unknown}
 k - 4 potions of haste {unknown}
 o - 2 potions of agility {unknown}
 t - a potion of cancellation {unknown}
 w - 3 potions of degeneration {unknown}
Comestibles
 f - a bread ration
 i - a beef jerky
 j - 3 fruits
 r - a meat ration
 v - 3 chunks of flesh


   Skills:
 - Level 4.0 Fighting
 + Level 6.1 Axes
 - Level 3.7 Armour
 - Level 0.2 Dodging
 + Level 0.6 Stealth
 - Level 3.9 Shields


You had 4 spell levels left.
You didn't know any spells.

Dungeon Overview and Level Annotations

Branches:
Dungeon (4/15)
 Temple: D:4-7

Altars:
Zin
The Shining One

Annotations:
D:4 Grinder


Innate Abilities, Weirdness & Mutations

You reflexively headbutt those who attack you in melee.
You have a pair of horns on your head.


Message History

Something hits you. The orc hits you but does no damage.
You hear some strange, mumbled words.
A magic dart appears from out of thin air!
The magic dart hits you!
You can move again.
You miss something. You slash the orc!
You kill the orc!
Something hits you. The ogre completely misses you.
You closely miss something. You hit the ogre but do no damage.
Something hits you but does no damage. Something completely misses you.
You feel very mighty all of a sudden. The ogre hits you with a giant club!!
* * * LOW HITPOINT WARNING * * *
Grinder blinks!
Something hits you but does no damage.
You slash something!
Reactivating autopickup.
Your Axes skill increases to level 6!
You feel a bit more experienced.
You hit the ogre. You block the ogre's attack.
The ogre hits you with a giant club!
You die...

#.# ##... #.#
.... #.####
###... #.5..
..... #...# #
#... #.#.####.#
#...##.........
#....#...?..#
####@#.)....#
#....O......#
#...).#......#
.....#..#.######
..####.##.# . #.
#.## #. #..#
#.###.###
..#.....#


You could see an ogre.

Vanquished Creatures
  The ghost of smajdalf the Gusty, an amateur TeAE of Vehumet (D:3)
  An orc wizard (D:4)
  2 adders
  An ooze (D:1)
  4 worms
  2 dart slugs
  3 orcs (D:4)
  4 giant cockroaches
  3 goblins
  3 hobgoblins
  3 jackals (D:1)
  A ball python (D:1)
  5 bats
  4 giant newts
  5 kobolds
  8 rats
50 creatures vanquished.

Notes
Turn   | Place    | Note
-------+----------+-------------------------------------------
     0 | D:1      | Anaetherus the Minotaur Fighter began the quest for the Orb.
     0 | D:1      | Reached XP level 1. HP: 19/19 MP: 0/0
   101 | D:1      | Reached XP level 2. HP: 27/27 MP: 1/1
   162 | D:1      | Found a glowing golden altar of the Shining One.
   261 | D:1      | Reached skill level 3 in Axes
   666 | D:2      | Reached XP level 3. HP: 22/33 MP: 2/2
   862 | D:2      | Reached skill level 4 in Axes
  1516 | D:3      | Noticed smajdalf's ghost (amateur TeAE)
  1529 | D:3      | Killed smajdalf's ghost
  1529 | D:3      | Reached skill level 5 in Axes
  1529 | D:3      | Reached XP level 4. HP: 22/40 MP: 3/3
  1554 | D:3      | Found a glowing silver altar of Zin.
  1604 | D:3      | Reached XP level 5. HP: 33/46 MP: 4/4
  2072 | D:4      | Noticed Grinder
  2082 | D:4      | Noticed an ogre
  2082 | D:4      | Paralysed by Grinder for 6 turns
  2091 | D:4      | Reached skill level 6 in Axes
  2092 | D:4      | Mangled by an ogre

Vault maps used:
D:1:      sevenhm_arrival_forest_fort_small_6, tso_metal_star
D:2:      hex_intersection, minmay_ruptured
D:3:      zin_academy, kennysheep_flooded_box
D:4:      old_standard_altar, lemuel_doored_altar, minmay_stone_trees_small,
          uniq_grinder, uniq_crazy_yiuf_cottage, uniq_duvessa

Skill      XL: |  1  2  3  4  5 |
---------------+----------------+-----
Fighting       | 4 |  4.0
Axes           | 3 5 6 |  6.1
Armour         | |  3.7
Dodging        | |  0.2
Stealth        | |  0.6
Shields        | |  3.9

Action                   |  1- 3 |  4- 6 || total
-------------------------+-------+-------++-------
Melee: War axe           |   106 |    46 ||   152
       Headbutt          |     6 |     6 ||    12
  Use: Potion            |       |     1 ||     1
  Eat: Chunk             |     1 |     3 ||     4
Armor: Scale mail        |    71 |    21 ||    92
Dodge: Dodged            |    37 |     9 ||    46
Block: Shield            |    50 |    21 ||    71
